Map: Ruins of Endion

Players

Miszu

  • Race: Terran Terran
  • League: Master

Rodzyn - Winner!

  • Race: Protoss Protoss
  • League: Master

VOD

Have the link to the VOD?

Description

Time

  • Played on: March 29, 2016, 5:42 p.m.
  • Length: 9:00
Show
View Real Time Build Order
Export as new Build Order

Miszu Terran 

Build Orders: Command Center First (CC), MMM Bio 

Get SALT Encoding   

  12  0:01  SCV  
  13  0:13  SCV  
  14  0:18  Supply Depot  
  14  0:25  SCV  
  15  0:39  SCV  
  16  0:51  SCV  
  17  1:00  Command Center  
  17  1:03  SCV  
  18  1:15  SCV  
  18  1:17  Barracks  
  19  1:28  SCV  
  19  1:30  Barracks  
  20  1:40  SCV  
  20  1:44  Barracks  
  21  1:52  SCV  
  22  2:04  Orbital Command  
  22  2:05  Marine  
  23  2:14  Orbital Command  
  23  2:17  Marine  
  24  2:23  Marine  
  26  2:30  SCV  
  26  2:32  Refinery x2  
  26  2:33  Marine  
  27  2:38  Marine  
  27  2:40  SCV  
  27  2:42  Marine  
  30  2:47  SCV  
  30  2:49  Supply Depot  
  30  2:51  Marine  
  31  2:53  SCV  
  31  2:55  Marine  
  34  3:00  SCV  
  34  3:02  Barracks Tech Lab  
  35  3:06  SCV  
  35  3:09  Marine  
  35  3:12  Supply Depot, SCV  
  38  3:13  Supply Depot, Marine  
  38  3:18  SCV  
  40  3:27  Marine x2  
  40  3:28  Stimpack, SCV  
  40  3:30  SCV  
  40  3:31  Marine  
  45  3:40  SCV  
  46  3:45  Factory, Marauder, SCV  
  46  3:48  Refinery  
  49  3:50  Bunker  
  49  3:52  SCV  
  51  3:55  Barracks Reactor  
  51  3:57  Barracks Tech Lab, SCV  
  51  4:04  Supply Depot  
  51  4:05  SCV  
  52  4:12  Marauder  
  52  4:14  Supply Depot  
  54  4:26  Marauder, SCV  
  54  4:30  SCV  
  58  4:31  Bunker  
  58  4:32  Marine  
  58  4:34  Marauder  
  58  4:38  SCV  
  62  4:42  Engineering Bay  
  62  4:43  Barracks  
  62  4:45  Starport  
  62  4:46  Factory Reactor  
  62  4:50  Marauder  
  62  4:52  SCV  
  65  4:53  SCV  
  65  4:57  Marauder  
  65  4:59  Marine x2  
  70  5:00  Concussive Shells  
  70  5:09  Supply Depot, Terran Infantry Weapons Level 1  
  70  5:11  Supply Depot  
  70  5:19  SCV  
  70  5:30  Medivac x2  
  70  5:31  SCV x2  
  76  5:40  Command Center  
  76  5:42  Supply Depot  
  76  5:43  SCV  
  76  5:48  Marine x2, Marauder x2  
  83  5:54  SCV  
  83  5:55  SCV  
  83  5:56  Refinery  
  85  6:01  Barracks  
  85  6:02  Barracks  
  85  6:05  Medivac  
  85  6:06  Medivac  
  85  6:08  SCV x2  
  91  6:13  Supply Depot  
  91  6:18  Supply Depot  
  91  6:20  SCV  
  91  6:21  Combat Shields  
  91  6:23  Marauder  
  94  6:34  Marine x2, SCV  
  97  6:40  Engineering Bay  
  97  6:43  Marauder, Armory  
  97  6:44  Marine  
  88  6:55  Marine  
  88  6:57  Marine x3  
  88  6:59  Medivac  
  88  7:00  Medivac  
  94  7:02  Marauder  
  94  7:04  Marauder  
  98  7:13  Marine  
  98  7:15  Marine x3  
  99  7:24  Marauder  
  99  7:26  Marauder  
  103  7:31  Marine  
  103  7:33  Marine x3  
  88  7:45  Marauder  
  88  7:47  Marine  
  88  7:49  Marine  
  81  7:52  Marine  
  81  7:53  Marine x2  
  79  8:05  Marauder  
  80  8:06  Marauder  
  80  8:07  Marine  
  80  8:10  Marine  
  80  8:11  Marine x2, Medivac  
  88  8:17  Medivac  
  90  8:25  Marine  
  90  8:26  Marauder  
  93  8:27  Marine  
  93  8:28  Marine x3, Orbital Command  
  93  8:29  SCV x2  
Show
View Real Time Build Order
Export as new Build Order

Rodzyn Protoss - Winner!

Build Orders: 1 Gate Expand, Blink Stalkers 

Get SALT Encoding   

  12  0:00  Probe (Chrono Boost)  
  13  0:11  Probe (Chrono Boost)  
  14  0:17  Pylon  
  14  0:27  Probe (Chrono Boost)  
  15  0:37  Gateway, Probe (Chrono Boost)  
  16  0:48  Probe (Chrono Boost)  
  16  0:49  Assimilator  
  17  0:59  Probe (Chrono Boost)  
  18  1:09  Probe (Chrono Boost)  
  19  1:20  Nexus  
  19  1:32  Cybernetics Core  
  19  1:34  Probe (Chrono Boost)  
  20  1:43  Assimilator  
  20  1:44  Probe (Chrono Boost)  
  21  1:50  Pylon  
  21  1:55  Probe (Chrono Boost)  
  22  2:05  Probe (Chrono Boost)  
  22  2:08  Stalker (Chrono Boost)  
  25  2:09  Warp Gate  
  25  2:17  Probe  
  26  2:25  Twilight Council  
  26  2:29  Probe (Chrono Boost)  
  27  2:33  Probe (Chrono Boost)  
  28  2:39  Stalker  
  28  2:40  Probe (Chrono Boost)  
  28  2:44  Probe (Chrono Boost)  
  32  2:51  Probe (Chrono Boost)  
  34  2:58  Pylon  
  34  3:01  Probe (Chrono Boost)  
  34  3:02  Blink (Chrono Boost), Probe (Chrono Boost)  
  35  3:12  Stalker  
  37  3:13  Probe  
  37  3:15  Probe  
  39  3:25  Probe x2  
  41  3:36  Probe  
  41  3:37  Probe  
  43  3:43  Nexus  
  43  3:47  Pylon, Probe  
  43  3:49  Probe  
  45  3:57  Robotics Facility, Mothership Core  
  45  4:01  Probe  
  48  4:13  Probe  
  48  4:16  Pylon  
  49  4:17  Stalker  
  49  4:18  Probe  
  52  4:26  Gateway  
  52  4:27  Probe  
  52  4:28  Gateway  
  52  4:30  Probe  
  53  4:31  Assimilator  
  53  4:32  Assimilator  
  54  4:39  Probe  
  54  4:40  Probe  
  54  4:42  Stalker  
  58  4:46  Observer (Chrono Boost)  
  59  4:53  Probe  
  59  4:56  Probe  
  59  4:57  Probe  
  59  4:58  Gateway  
  62  5:00  Gateway  
  62  5:01  Gateway  
  62  5:05  Pylon, Probe  
  62  5:06  Probe  
  63  5:09  Probe  
  63  5:10  Observer (Chrono Boost)  
  66  5:17  Probe x2  
  66  5:19  Probe  
  69  5:22  Sentry  
  69  5:27  Probe  
  71  5:29  Probe  
  71  5:30  Probe  
  74  5:38  Probe  
  74  5:40  Probe  
  74  5:41  Probe  
  77  5:44  Warp Prism (Chrono Boost)  
  77  5:47  Adept x2, Pylon  
  77  5:48  Stalker, Probe  
  85  5:51  Probe  
  85  5:53  Gateway, Probe  
  88  5:59  Probe  
  88  6:02  Stalker x2  
  93  6:05  Gateway  
  93  6:08  Gateway x2  
  93  6:10  Resonating Glaives  
  93  6:11  Forge  
  93  6:22  Adept x2, Stalker  
  93  6:23  Stalker  
  101  6:27  Pylon x2  
  101  6:29  Assimilator  
  101  6:35  Pylon  
  101  6:45  Adept, Sentry  
  101  6:46  Adept x4  
  109  6:58  Probe  
  110  7:11  Stalker x5  
  110  7:12  Stalker x2  
  124  7:16  Pylon  
  124  7:17  Pylon  
  124  7:18  Pylon x2  
  124  7:26  Pylon  
  116  7:37  Adept x5  
  116  7:38  Adept x2  
  98  7:57  Probe  
  95  8:00  Adept x3  
  95  8:01  Adept x7  
  113  8:21  Sentry x2  
  113  8:22  Stalker x6  
  113  8:23  Stalker x2  
  109  8:46  Adept x6  
  109  8:47  Adept x4  
Tags
 
Add a new tag
Caveats
  • Supply blocks, unpowered buildings, or Contaminate may cause inaccurate times.
  • Supply counts are checked every 10 seconds.